 Dungeon Crawl Stone Soup version 0.25.1-2-g60ff931df9 (webtiles) character file.

Game seed: 12070223939473086815

813 DogServant the Magician (level 7, -1/36 HPs)
             Began as a Deep Elf Fire Elementalist on Oct 18, 2020.
             Shot with an arrow by a centaur (13 damage)
             ... on level 5 of the Dungeon.
             The game lasted 00:09:54 (4623 turns).

DogServant the Magician (DEFE)                      Turns: 4623, Time: 00:09:56

Health: -1/36      AC:  2    Str:  6    XL:     7   Next: 61%
Magic:  9/19       EV: 13    Int: 21    God:
Gold:   154        SH:  0    Dex: 15    Spells: 8/20 levels left

rFire    . . .     SeeInvis .   o - +3 hand axe
rCold    . . .     Gourm    .   (no shield)
rNeg     . . .     Faith    .   a - +0 robe
rPois    .         Spirit   .   (no helmet)
rElec    .         Reflect  .   t - scarf {repulsion}
rCorr    .         Harm     .   (no gloves)
MR       .....                  (no boots)
Stlth    +++.......             (no amulet)
HPRegen  0.12/turn              e - +4 ring of slaying
MPRegen  0.16/turn              y - ring of stealth

@: repel missiles
A: no striking features
a: no special abilities


You were on level 5 of the Dungeon.
You were hungry.

You visited 1 branch of the dungeon, and saw 5 of its levels.

You collected 154 gold pieces.

Inventory:

Hand Weapons
 o - a +3 hand axe (weapon)
Missiles
 f - 32 poisoned darts (quivered)
Armour
 a - a +0 robe (worn)
 t - a scarf of repulsion (worn)
Jewellery
 e - a +4 ring of slaying (left hand)
 y - a ring of stealth (right hand)
Wands
 q - a wand of random effects (12)
Scrolls
 h - a scroll of remove curse
 m - a scroll of teleportation
 A - a scroll of noise {unknown}
Potions
 i - a potion of haste
 j - 2 potions of cancellation
 k - 2 potions of flight
 n - 2 potions of stabbing {unknown}
 p - 2 potions of curing {unknown}
 r - 3 potions of heal wounds {unknown}
 u - a potion of mutation {unknown}
 v - a potion of lignification {unknown}
Comestibles
 c - 5 rations


   Skills:
 - Level 2.4 Dodging
 - Level 2.4 Stealth
 + Level 7.0 Spellcasting
 + Level 5.4 Conjurations
 + Level 6.3 Fire Magic


You had 8 spell levels left.
You knew the following spells:

 Your Spells              Type           Power        Failure   Level  Hunger
a - Foxfire               Conj/Fire      ####         1%          1    None
b - Conjure Flame         Conj/Fire      ####....     2%          3    #......
c - Inner Flame           Hex/Fire       ###.....     7%          3    #......
d - Fireball              Conj/Fire      ####......   22%         5    #####..

Your spell library contained the following spells:

 Spells                   Type           Power        Failure   Level  Hunger
 Sticky Flame             Conj/Fire      ####....     8%          4    ###....


Dungeon Overview and Level Annotations

Branches:
Dungeon (5/15)             Temple (0/1) D:5

Altars:


Message History

The centaur is heavily wounded.
Casting: Foxfire (safe; 1% risk of failure)
Confirm with . or Enter, or press ? or * to list all spells.
You conjure some foxfire!
The foxfire hits the adder.
The adder is severely wounded.
The foxfire hits the centaur.
The centaur is severely wounded.
The foxfire hits the centaur.
The centaur is almost dead.
The foxfire hits the centaur.
The centaur is almost dead.
The centaur zaps a wand.
The mass of ice explodes!
The iceblast engulfs you.
Casting: Foxfire (safe; 1% risk of failure)
Confirm with . or Enter, or press ? or * to list all spells.
You conjure some foxfire!
The centaur zaps a wand.
The mass of ice explodes!
The iceblast engulfs you!!
Ouch! That really hurt!
The iceblast engulfs your foxfire. The iceblast engulfs your foxfire!
The centaur shoots an arrow.
The arrow hits you!
You die...

**********## *,,,,,,,,..#
*******,*******#.# ,,,,,,,,,* #.#
,,,,,,.,,** ###.#*###***********
,,,,,,....####>$.#...,,,,,,,,,,,,
,,,,,,.%.......#.#.#*************
,,,,,,.....†...(.v.#####*****
,,^,,,....§§§§#.@v......,,,,*
,,,,,,.......Sc...###...,,,,*
,,,,,,...?...(#..##**,,,>,,,***
,,,,,,...........# *,,,,,,,,,,*
*,**,*...........# *,,⌠,⌠,⌠,*,***
*,**,*.########.## *,,8,8,8,,,,,*
*,**,,,* *,,..# *,,,,,,,,***,*
,,***,,* **,*#.* *,***,,,,***,,
*,***,,****,,,*,* *,* ****,,,,,*


You could see a centaur and an adder.

Vanquished Creatures
  Grinder (D:3)
  2 ogres
  A howler monkey (D:4)
  A bullfrog zombie (D:5)
  A hound (D:4)
  2 orc wizards
  Ijyb (D:3)
  3 worker ants (D:4)
  An iguana (D:4)
  4 adders
  An ooze (D:2)
  3 worms
  5 dart slugs
  A leopard gecko (D:4)
  7 orcs
  A giant cockroach (D:5)
  4 goblins
  6 hobgoblins
  17 jackals
  8 kobolds
  5 quokkas
  7 bats
  6 frilled lizards
  A quokka skeleton (D:5)
  7 rats
96 creatures vanquished.

Vanquished Creatures (others)
  234 foxfires
234 creatures vanquished.

Grand Total: 330 creatures vanquished

Notes
Turn   | Place    | Note
-------+----------+-------------------------------------------
     0 | D:1      | DogServant the Deep Elf Fire Elementalist began the quest
                  | for the Orb.
     0 | D:1      | Reached XP level 1. HP: 10/10 MP: 6/6
   337 | D:1      | Reached XP level 2. HP: 15/15 MP: 6/8
  1005 | D:2      | Reached XP level 3. HP: 19/19 MP: 8/10
  1010 | D:2      | Learned a level 3 spell: Conjure Flame
  1367 | D:2      | Reached skill level 4 in Spellcasting
  1524 | D:2      | Found a faded altar of an unknown god.
  1534 | D:2      | Noticed an ogre
  1546 | D:2      | Killed an ogre
  1546 | D:2      | Reached XP level 4. HP: 24/24 MP: 5/12
  1546 | D:2      | Reached XP level 5. HP: 28/28 MP: 5/14
  1552 | D:2      | Learned a level 3 spell: Inner Flame
  1558 | D:2      | Learned a level 5 spell: Fireball
  1854 | D:3      | Noticed an ogre
  1861 | D:3      | Killed an ogre
  1861 | D:3      | Reached skill level 5 in Spellcasting
  1861 | D:3      | Reached skill level 5 in Fire Magic
  2141 | D:3      | Reached XP level 6. HP: 27/32 MP: 10/16
  2505 | D:3      | Noticed Ijyb
  2507 | D:3      | Noticed Grinder
  2515 | D:3      | Killed Ijyb
  2520 | D:3      | Killed Grinder
  2520 | D:3      | Reached skill level 6 in Spellcasting
  2520 | D:3      | Reached XP level 7. HP: 36/36 MP: 5/18
  3634 | D:4      | Reached skill level 5 in Conjurations
  4242 | D:4      | Reached skill level 7 in Spellcasting
  4564 | D:5      | Entered Level 5 of the Dungeon
  4623 | D:5      | Shot with an arrow by a centaur

Illustrated notes

Levels and vault maps discovered:
D:1:      wander_arrival_desolate, layout_rooms, st_stairs_9,
          minmay_misc_feat_plants
D:2:      layout_loops_ring, chequers_ecumenical_altar_lobes, minmay_ruptured
D:3:      layout_basic, uniq_grinder, uniq_ijyb
D:4:      layout_basic, kennysheep_boxes
D:5:      layout_loops_ring, nicolae_overflow_hidden_temple,
          lemuel_doored_altar, minmay_temple_entry_drinking_statues,
          nicolae_ossuary_entry_plus, first_ration, portal_sewer_entry_f,
          minmay_ogre_servants

Skill      XL: |  1  2  3  4  5  6  7 |
---------------+----------------------+-----
Conjurations   | 2 3 4 5 |  5.4
Spellcasting   | 4 5 6 7 |  7.0
Fire Magic     | 4 5 6 |  6.3
Dodging        | |  2.4
Stealth        | |  2.4

Action                   |  1- 3 |  4- 6 |  7- 9 || total
-------------------------+-------+-------+-------++-------
Melee: Dagger            |     3 |       |       ||     3
       Unarmed           |     2 |       |       ||     2
       Short sword       |    11 |       |       ||    11
       Hand axe          |     2 |    18 |     5 ||    25
 Cast: Foxfire           |    58 |    46 |    62 ||   166
       Conjure Flame     |     1 |     1 |       ||     2
       Inner Flame       |       |     4 |    11 ||    15
  Use: Scroll            |       |       |    11 ||    11
 Stab: Sleeping          |     2 |     2 |     1 ||     5
  Eat: Chunk             |     2 |     3 |     6 ||    11
Armor: Robe              |     9 |     1 |       ||    10
Dodge: Dodged            |    36 |     9 |     7 ||    52
       Repelled          |       |       |     3 ||     3
